Unix NetHack Version 5.0.0-0 post-release - last build Jun 10 2026 00:39:30 (3ee93aec679c4c4259841fe613dc97188e26a321,branch:main).

Game began 2026-06-26 19:05:00, ended 2026-06-28 22:23:37.

Ch3Begorrah, chaotic male human Rogue

                     ------                         ---    ---
                     |....+                        #.........|       ---------
                     -\.1.|          --------  #####|.......W|      #.....<..|
                     |(2%.|          |......|  #    |........|      #|.......|
                     ---h--          +......|  #         ...        #|.......|
                     #  #            |....*.|  #         -|-        #---------
                     0#1#####     #  |......-###          #         ##
                       -.---#########-......|             #          ##
                       |...|      #  --------             #           #
                       |.C.|                              #           #
                       |.@.----               0########## #           #
                       |...%..|                         ######        #
                       |......|                       ----.--.--------#
                       |.......                       |..............|#
                       --------                       |..............|#
                                                      |.....{........|#
                                                      |...............#
                                                      ----------------

Ch3Begorrah the Pilferer  St:25 Dx:17 Co:18 In:10 Wi:11 Ch:11  Chaotic
Dlvl:16 $:0  HP:0(76) Pw:44(44) AC:2  Xp:11 T:17229  Burdened

Latest messages:
 You strike the kobold lady from behind!
 You kill the kobold lady!
 You see here a kobold lady corpse.
 You strike the hobgoblin from behind!
 You kill the hobgoblin!
 You strike the hill orc from behind!
 The hill orc wakes up!
 The hill orc screams!
 The gnome lady wakes up.
 The bugbear wakes up.
 The mountain centaur wakes up.
 The bugbear wakes up.
 The bugbear wakes up.
 The ogre queen wakes up.
 The hill orc wields a curved sword!
 The bugbear hits!
 The mountain centaur hits!
 The mountain centaur kicks!
 The mountain centaur kicks again!
 The bugbear drinks a potion of speed!
 The bugbear is suddenly moving faster.
 The ogre queen opens a door.
 The ogre queen zaps a wand called CI!
 The bugbear vanishes!
 You materialize in a different location!
 You find a hidden door.
 You hear bubbling water.
 You hear a door open.
 The hill orc throws an orcish dagger!
 The orcish dagger hits the bugbear.
 The mountain centaur hits!
 The mountain centaur kicks!
 The mountain centaur kicks again!
 What do you want to write with? [- bcgklnpqstv-zABDEHILNOQRTVX-Z or ?*] -
 You write in the dust with your fingertip.
 What do you want to write in the dust here? Elbereth
 The mountain centaur hits!
 The mountain centaur kicks!
 The mountain centaur kicks again!
 What do you want to write with? [- bcgklnpqstv-zABDEHILNOQRTVX-Z or ?*] ?
 The wand is too worn out to engrave.
 The mountain centaur hits!
 The mountain centaur kicks!
 The mountain centaur kicks again!
 The bugbear picks up an orcish dagger.
 The mountain centaur hits!
 The mountain centaur kicks!
 The mountain centaur kicks again!
 You die...
 Do you want your possessions identified? [ynq] (y) q

Inventory:
 Amulets  ('"')
  u - an uncursed amulet of magical breathing
  i - an uncursed amulet of reflection
  S - a cursed amulet of strangulation named cursed
 Weapons  (')')
  T - 5 +0 daggers (at the ready)
  B - a +0 long sword
  Y - a +1 silver saber (weapon in right hand)
 Armor    ('[')
  J - an uncursed very rusty +0 pair of gauntlets of power (being worn)
  d - an uncursed very burnt +0 pair of water walking boots (being worn)
  a - an uncursed +0 small shield (being worn)
  j - an uncursed rotted +2 cloak of magic resistance (being worn)
  M - an uncursed +0 elven mithril-coat (being worn)
 Comestibles  ('%')
  h - 3 uncursed lumps of royal jelly
  F - an uncursed lizard corpse
 Scrolls  ('?')
  o - a blessed scroll of scare monster
 Potions  ('!')
  m - an uncursed potion of extra healing
 Rings    ('=')
  I - an uncursed +1 ring of gain strength
  g - an uncursed +2 ring of increase accuracy named cursed
  R - an uncursed ring of regeneration named ok
  O - an uncursed ring of stealth
  D - an uncursed ring of warning named ok (on left hand)
 Wands    ('/')
  N - a wand of cold (0:3)
  V - a wand of digging (0:0)
  Z - a cursed wand of digging (0:1)
  q - a cursed wand of digging (0:0)
  n - a cursed wand of enlightenment (0:9)
  l - a wand of light (0:7)
  H - a wand of light (0:5)
  p - a cursed wand of lightning (0:7)
  w - a wand of make invisible (0:4)
  X - a wand of polymorph (0:7)
  y - a wand of probing (0:2)
  s - a wand of sleep (0:2)
  b - a wand of speed monster (0:4)
  E - a wand of speed monster (0:3)
  k - a wand of teleportation (0:5)
  Q - a cursed wand of teleportation (0:0)
  t - a cursed wand of undead turning (0:5)
 Tools    ('(')
  P - an uncursed oilskin sack containing 59 items
  G - an uncursed sack containing 1 item
  r - a frost horn (0:7)
  e - an uncursed lock pick named f#
  z - a magic marker named unc (0:7)
  c - a cursed magic marker named cursed (0:20)
  W - a cursed magic whistle
  U - a +0 unicorn horn
 Gems/Stones  ('*')
  A - an uncursed jade stone
  x - an uncursed worthless piece of orange glass
  v - an uncursed worthless piece of white glass
  L - 2 uncursed worthless pieces of yellow glass

Contents of the sack:
  an uncursed scroll of teleportation

Contents of the oilskin sack:
  1594 gold pieces
  a cursed lizard corpse
  an uncursed scroll of stinking cloud
  an uncursed scroll of confuse monster
  2 blessed scrolls of confuse monster
  an uncursed scroll of food detection
  a cursed scroll of food detection
  an uncursed scroll of enchant weapon
  a cursed scroll of enchant weapon named EW
  an uncursed scroll of fire
  2 uncursed scrolls of enchant armor
  an uncursed scroll of magic mapping
  2 uncursed scrolls of gold detection named ok
  2 cursed scrolls of light
  a blessed scroll of light
  2 uncursed scrolls of light
  9 blessed scrolls of blank paper named ok2
  3 uncursed scrolls of blank paper
  2 cursed scrolls of blank paper named cursed
  an uncursed scroll of charging
  an uncursed scroll of earth
  an uncursed scroll of identify
  a blessed scroll of scare monster
  an uncursed scroll of scare monster
  an uncursed scroll of teleportation
  an uncursed potion of full healing
  an uncursed potion of sleeping
  an uncursed potion of restore ability
  3 potions of holy water named G
  3 potions of unholy water
  3 uncursed potions of water
  a potion of holy water named Blessed
  an uncursed potion of extra healing
  an uncursed potion of healing
  a blessed potion of levitation
  a cursed potion of levitation
  a cursed potion of monster detection
  an uncursed potion of monster detection
  an uncursed potion of sickness
  an uncursed potion of speed
  a cursed potion of speed
  a cursed ring of hunger
  a cursed ring of teleportation
  a cursed ring of searching named cursed
  a cursed ring of invisibility named cursed
  a wand of striking (0:0)
  a wand of striking (0:2)
  3 uncursed worthless pieces of black glass
  3 uncursed worthless pieces of blue glass
  an uncursed jasper stone
  2 uncursed worthless pieces of red glass
  an uncursed worthless piece of violet glass
  an uncursed diamond
  4 uncursed worthless pieces of yellowish brown glass
  2 uncursed worthless pieces of orange glass
  6 uncursed worthless pieces of white glass
  4 uncursed worthless pieces of yellow glass
  an uncursed luckstone
  a cursed touchstone

Ch3Begorrah the Rogue's attributes:

Background:
 You were a Pilferer, a level 11 male human Rogue.
 You were chaotic, nominally on a mission for Kos
 who was opposed by Issek (lawful) and Mog (neutral).
 You were right-handed.
 You were in the Dungeons of Doom, on level 16.
 You entered the dungeon 17229 turns ago.
 It was nighttime.
 You had 11132 experience points, 8868 more were needed to attain level 12.

Basics:
 You had 0 out of 76 hit points.
 You had all 44 energy points (spell power).
 Your armor class was 2.
 Your wallet was empty, but
 you had 1594 zorkmids stashed away in your pack.
 Autopickup was on for '$!/(' plus thrown, with exceptions.

Final Characteristics:
 Your strength was 25 (base:13, peak:15, innate limit:18/100).
 Your dexterity was 17 (limit:18).
 Your constitution was 18 (limit:18).
 Your intelligence was 10 (limit:18).
 Your wisdom was 11 (limit:18).
 Your charisma was 11 (limit:18).

Final Status:
 You weren't hungry.
 You were burdened; movement was slightly slowed.
 You were wielding a saber.
 You had basic skill with saber and could have enhanced that.

Final Attributes:
 You were piously aligned.
 You were magic-protected.
 You saw invisible.
 You were warned.
 You had automatic searching.
 You were stealthy.
 You could walk on water.
 You were guarded.
 You were fast.
 You are dead.

Miscellaneous:
 You encountered 2 bones levels.
 Total elapsed playing time was 4 hours, 54 minutes and 50 seconds.

Major events:
 Turn
    1: Ch3Begorrah the chaotic male human Rogue entered the dungeon
  414: entered the Gnomish Mines
  944: attained the rank of Cutpurse (level 3)
 3047: attained the rank of Rogue (level 6)
 3276: entered Sokoban
 6117: declined to perform genocide
 6429: completed 1st Sokoban level
 6875: completed 2nd Sokoban level
 7365: completed 3rd Sokoban level
 8144: completed 4th Sokoban level
 8256: acquired the Sokoban amulet of reflection
 9418: reached Mine Town
 9653: attained the rank of Pilferer (level 10)
15933: entered Home 1, the Quest
17229: killed by a mountain centaur

You didn't know any spells.

Skills:
 Fighting Skills
   bare handed combat [Unskilled]
   two weapon combat  [Unskilled]
   riding             [Unskilled]
 Weapon Skills
   dagger             [Skilled]
   knife              [Unskilled]
   short sword        [Basic]
   broadsword         [Unskilled]
   long sword         [Basic]
   two-handed sword   [Unskilled]
   saber              [Basic]
   club               [Unskilled]
   mace               [Unskilled]
   morning star       [Unskilled]
   flail              [Unskilled]
   hammer             [Unskilled]
   polearms           [Unskilled]
   spear              [Unskilled]
   crossbow           [Unskilled]
   dart               [Unskilled]
   shuriken           [Unskilled]
 Spellcasting Skills
   divination spells  [Unskilled]
   escape spells      [Unskilled]
   matter spells      [Unskilled]

Voluntary challenges:
 Character rerolling was not enabled.
 You followed a strict vegan diet.
 You were an atheist.
 You never genocided any monsters.
 You never polymorphed an object.
 You never changed form.
 You used no wishes.
 You violated the special Sokoban rules twice.
Achievements:
 You entered the Gnomish Mines.
 You attained the rank of Cutpurse.
 You entered a shop.
 You attained the rank of Rogue.
 You entered Sokoban.
 You completed Sokoban.
 You entered Minetown.
 You attained the rank of Pilferer.

 The Dungeons of Doom: levels 1 to 16
    Level 1:
       An altar to Kos, some fountains.
    Level 2:
       Stairs down to The Gnomish Mines.
    Level 3:
       An armor shop.
    Level 4:
       A fountain.
    Level 5:
       Many fountains.
       Oracle of Delphi.
    Level 6:
       Stairs up to Sokoban, level 5.
    Level 7: "3sb"
    Level 8: "Vamp;ire"
    Level 9: "Armour Stasg"
       An altar, a grave.
       Final resting place for
          Ch3Begorrah-Rog-Hum-Mal-Cha, killed by an Elvenking.
    Level 10: "Ibvisible cat"
       A fountain.
    Level 11:
    Level 12: "troll"
       Summoned by the Master of Thieves.
       Portal to The Quest.
    Level 13:
    Level 14:
    Level 15:
       A primitive area.
    Level 16: <- You were here.
       A throne, a fountain.
       Final resting place for
          you, killed by a mountain centaur.
 The Gnomish Mines: levels 3 to 10
    Level 3:
    Level 4:
    Level 5:
    Level 6:
       An altar, a fountain, a grave.
       Final resting place for
          allanb-Wiz-Hum-Mal-Neu, killed by a giant spider.
    Level 7:
    Level 8:
    Level 9:
    Level 10:
 The Quest:
    Level 1:
       Home.
 Sokoban: levels 5 up to 2
    Level 2:
       Solved.
    Level 3:
       Solved.
    Level 4:
       Solved.
    Level 5:
       Solved.


Vanquished creatures:
  a vampire leader
  3 ghosts
  2 giant mimics
  a long worm
 an umber hulk
  a flesh golem
  2 stalkers
  a warg
  2 small mimics
  a glass piercer
  2 xans
  a troll
  a sasquatch
  a wood golem
  a large dog
  2 flaming spheres
  3 gargoyles
  a dwarf ruler
  5 tengu
 an ochre jelly
  a mountain centaur
  2 elf mummies
  2 pit vipers
  2 ettin zombies
  a Grey-elf
  2 soldiers
 an amorous demon
  2 chameleons
  a crocodile
  4 giant beetles
  a quivering blob
  a cockatrice
  2 winter wolf cubs
  2 lynxes
  3 panthers
  5 leprechauns
  2 iron piercers
  4 giant spiders
  6 scorpions
 an ice vortex
  2 vampire bats
  4 gnome rulers
 an orc mummy
  a dwarf mummy
 an ogre
  a brown pudding
  a rust monster
 an owlbear
  3 yetis
  2 gold golems
  a Green-elf
  5 lizards
  5 chickatrices
  2 dwarf leaders
  a blue jelly
  a white unicorn
  a dust vortex
  2 ravens
  a plains centaur
 10 apes
  5 human zombies
  2 rope golems
  a Woodland-elf
  2 fire ants
 14 bugbears
 an imp
  a mountain nymph
  2 Uruk-hai
  3 orc shamans
  5 rock piercers
  3 rock moles
  2 ponies
  2 fog clouds
  a yellow light
  3 shriekers
  a violet fungus
 17 gnome leaders
  7 gnomish wizards
  a kobold mummy
  a red naga hatchling
  3 gray oozes
  a barrow wight
  2 elf zombies
  a ghoul
  a straw golem
  4 paper golems
  4 giant ants
  a little dog
  5 floating eyes
 15 dwarves
  3 homunculi
  7 kobold leaders
  2 kobold shamans
  8 hill orcs
 20 rothes
  4 rabid rats
  a centipede
  2 giant bats
  4 orc zombies
  2 dwarf zombies
  3 iguanas
 14 killer bees
  2 acid blobs
  3 coyotes
  2 gas spores
  6 hobbits
  3 large kobolds
 18 hobgoblins
  3 giant rats
 10 cave spiders
  a brown mold
  a yellow mold
  a green mold
  5 red molds
 68 gnomes
 15 garter snakes
  3 gnome zombies
 10 geckos
 13 jackals
  3 foxes
  3 kobolds
  6 goblins
  4 sewer rats
  9 grid bugs
  a bat
  4 lichens
  3 kobold zombies
  8 newts
510 creatures vanquished.

No species were genocided or became extinct.

Game over:
                       ----------
                      /          \
                     /    REST    \
                    /      IN      \
                   /     PEACE      \
                  /                  \
                  |   Ch3Begorrah    |
                  |     1594 Au      |
                  |   killed by a    |
                  | mountain centaur |
                  |                  |
                  |                  |
                  |       2026       |
                 *|     *  *  *      | *
        _________)/\\_//(\/(/\)/\//\/|_)_______

Goodbye Ch3Begorrah the Rogue...

You died in The Dungeons of Doom on dungeon level 16 with 46823 points,
and 1594 pieces of gold, after 17229 moves.
You were level 11 with a maximum of 76 hit points when you died.

